 Dungeon Sprint DCSS version 0.28.0-45-g0d030f2227 (webtiles) character file.

Game seed: 6899704499420081063

934 McKennaii the Fighter (level 7, -2/63 HPs)
             Began as a Demigod Fighter on Apr 18, 2022.
             Slain by a neqoxec (8 damage)
             ... in the Dungeon (Sprint II: "The Violet Keep of Menkaure").
             The game lasted 00:00:56 (146 turns).

McKennaii the Fighter (Demigod Fighter)              Turns: 146, Time: 00:00:57

Health: -2/63      AC:  8    Str: 25      XL:     7   Next: 56%
Magic:  9/9        EV:  9    Int:  8 (12) God:
Gold:   486        SH:  4    Dex: 11      Spells: 6/6 levels left

rFire   . . .      SeeInvis .   a - +0 trident
rCold   . . .      Faith    .   c - +0 buckler
rNeg    . . .      Spirit   .   b - +0 scale mail
rPois   .          Reflect  .   (no helmet)
rElec   .          Harm     .   (no cloak)
rCorr   .          Rampage  .   (no gloves)
Will    .....      Rage     1%  (no boots)
Stlth   .......... NoTele   +   (no amulet)
HPRegen 0.20/turn               (no ring)
MPRegen 0.11/turn               (no ring)

@: no status effects
A: high MP 1, forlorn, divine attributes, berserk 1, clever 1, clumsy 1,
deterioration 1, frail 1, evolution 1
a: no special abilities


You were in the Dungeon.
You visited 1 branch You collected 486 gold pieces.

Inventory:

Hand Weapons
 a - a +0 trident (weapon)
Armour
 b - a +0 scale mail (worn)
 c - a +0 buckler (worn)
Scrolls
 j - a scroll of blinking
Potions
 d - a potion of might
 e - a potion of curing
 f - a potion of heal wounds
 g - a potion of haste
 h - 2 potions of magic


   Skills:
 + Level 9.7 Fighting
 + Level 9.3 Polearms
 + Level 9.6 Armour
 - Level 2.6 Shields


You had 6 spell levels left.
You didn't know any spells.
Your spell library was empty.

Dungeon Overview and Level Annotations

Branches:
Dungeon (1/1)

Annotations:
D exclusion: ice statue


Innate Abilities, Weirdness & Mutations

You have an increased reservoir of magic. (+10% MP)
You shall have no god before yourself.
Your divine heritage dramatically boosts your attributes as you level up.
You tend to lose your temper in combat.
Your mind is acute. (Int +2)
You are clumsy. (Dex -2)
Your body sometimes deteriorates upon taking damage.
You are frail. (-10% HP)
You have hidden genetic potential.


Message History

The neqoxec is moderately wounded.
The neqoxec hits you but does no damage.
You puncture the neqoxec!
The neqoxec is severely wounded.
You block the neqoxec's attack.
You hit the neqoxec but do no damage.
The neqoxec is severely wounded.
The neqoxec gestures at you.
Strange energies course through your body.
You feel clever.
You barely miss the neqoxec.
The neqoxec is severely wounded.
The neqoxec gestures at you.
You feel dopey. Something feeds on your intellect!
You hit the neqoxec but do no damage.
The neqoxec is severely wounded.
The neqoxec gestures at you.
Something tries to feed on your intellect!
You closely miss the neqoxec.
The neqoxec is severely wounded.
You hit the neqoxec but do no damage.
The neqoxec is severely wounded.
The neqoxec hits you.
* * * LOW HITPOINT WARNING * * *
You completely miss the neqoxec.
The neqoxec is severely wounded.
The neqoxec gestures at you.
Strange energies course through your body.
You hit the neqoxec but do no damage.
The neqoxec is severely wounded.
The neqoxec gestures at you.
Something tries to feed on your intellect!
You hit the neqoxec.
The neqoxec is almost dead.
The neqoxec hits you but does no damage.
You barely miss the neqoxec.
The neqoxec is almost dead.
The neqoxec hits you!
You die... ## ## ##. $## .. .. ### B#B

# #.###+# .#
##..##.##..#
+.##†.<@3$#
##..##.##.#
#.###'## .#
####...## #
#.)#..#
##...##
##+## ≈≈≈≈
++#+++


You could see a neqoxec.

Vanquished Creatures
  A merfolk siren (D)
  3 neqoxecs (D)
  4 scorpions (D)
8 creatures vanquished.

Vanquished Creatures (others)
  Menkaure (D)
  A water moccasin (D)
2 creatures vanquished.

Grand Total: 10 creatures vanquished

Notes
Turn   | Place    | Note
-------+----------+-------------------------------------------
     0 | D        | McKennaii the Demigod Fighter began the quest for the Orb.
     0 | D        | Reached XP level 1. HP: 18/18 MP: 3/3
     1 | D        | Noticed a boulder beetle
     1 | D        | Noticed a boulder beetle
     5 | D        | Noticed a scorpion
     5 | D        | Noticed a scorpion
     5 | D        | Noticed a scorpion
     5 | D        | Noticed a scorpion
     8 | D        | Killed a scorpion
     9 | D        | Reached XP level 2. HP: 28/28 MP: 4/4
     9 | D        | Reached XP level 3. HP: 34/34 MP: 5/5
    11 | D        | Killed a scorpion
    12 | D        | Reached skill level 5 in Fighting
    12 | D        | Reached skill level 5 in Polearms
    12 | D        | Reached skill level 5 in Armour
    12 | D        | Reached XP level 4. HP: 42/42 MP: 6/6
    16 | D        | Reached XP level 5. HP: 50/50 MP: 7/7
    25 | D        | Killed Menkaure
    31 | D        | Killed a water moccasin
    64 | D        | Noticed a merfolk siren
    74 | D        | Killed a merfolk siren
    75 | D        | Reached XP level 6. HP: 62/62 MP: 8/8
    82 | D        | Noticed an ice statue
    93 | D        | Noticed a neqoxec
    93 | D        | Noticed a neqoxec
    93 | D        | Noticed a neqoxec
    93 | D        | Noticed a neqoxec
   109 | D        | Killed a neqoxec
   110 | D        | Reached XP level 7. HP: 32/70 MP: 9/9
   118 | D        | Killed a neqoxec
   118 | D        | Gained mutation: You are frail. (-10% HP) [a neqoxec]
   124 | D        | Gained mutation: You are clumsy. (Dex -2) [a neqoxec]
   126 | D        | Gained mutation: Your body sometimes deteriorates upon
                  | taking damage. [a neqoxec]
   127 | D        | Gained mutation: You have hidden genetic potential. [a
                  | neqoxec]
   130 | D        | Gained mutation: You tend to lose your temper in combat. [a
                  | neqoxec]
   132 | D        | Killed a neqoxec
   138 | D        | Gained mutation: Your mind is acute. (Int +2) [a neqoxec]
   146 | D        | Slain by a neqoxec

Illustrated notes

Levels and vault maps discovered:
D:        the_violet_keep_of_menkaure [sprint2_stairs_cluster_1,
          sprint2_shoproom, sprint2_temple, sprint2_basic_supplies,
          sprint2_obstacle_2, sprint2_obstacle_6, sprint2_obstacle_3,
          sprint2_obstacle_5, sprint2_obstacle_1, sprint2_timed_cluster_1,
          sprint2_smallroom_cluster_1, sprint2_smallroom_final_cluster_1,
          sprint2_transparent_cluster_1, sprint2_second_timed_cluster_1,
          sprint2_sniper_area_1, sprint2_heavy_combat_area_1,
          sprint2_mutation_trap_area_1, sprint2_forest_area_1,
          sprint2_light_combat_area_1, sprint2_behind_water_1,
          sprint2_near_end_vault_1]

Skill      XL: |  1  2  3  4  5  6  7 |
---------------+----------------------+-----
Fighting       | 4 5 6 8 9 |  9.7
Polearms       | 4 5 8 9 |  9.3
Armour         | 4 5 6 8 9 |  9.6
Shields        | |  2.6

Action                   |  1- 3 |  4- 6 |  7- 9 || total
-------------------------+-------+-------+-------++-------
Melee: Trident           |     5 |    35 |    37 ||    77
  Use: Potion            |     1 |       |       ||     1
Armor: Scale mail        |     1 |     1 |     4 ||     6
Dodge: Dodged            |     2 |     7 |     4 ||    13
Block: Buckler           |     1 |     4 |     3 ||     8
